 Dungeon Crawl Stone Soup version 0.30-a0-782-ge64f9170bb (webtiles) character file.

Game seed: 9501352595775367199

51 funkygono the Covered (level 3, 0/33 HPs)
             Began as a Minotaur Fighter on Mar 7, 2023.
             Succumbed to Sigmund's poison
             ... on level 2 of the Dungeon.
             The game lasted 00:02:03 (1697 turns).

funkygono the Covered (Minotaur Fighter)            Turns: 1697, Time: 00:02:03

Health: 0/33       AC:  9    Str: 22    XL:     3   Next: 58%
Magic:  2/2        EV:  9    Int:  5    God:
Gold:   94         SH:  0    Dex:  9    Spells: 2/2 levels left

rFire   . . .      SeeInvis .    a - +0 long sword
rCold   . . .      Faith    .    c - +0 buckler
rNeg    . . .      Spirit   .    b - +0 scale mail
rPois   .          Reflect  .    (helmet restricted)
rElec   .          Harm     .    r - +0 cloak
rCorr   .          Rampage  .    (no gloves)
Will    +....                    n - +0 pair of boots Stlth
                                 (no amulet)
HPRegen 0.25/turn                t - ring of willpower
MPRegen 0.08/turn                (no ring)

@: confused, lethally poisoned (0 -> -13)
A: horns 2, retaliatory headbutt
a: no special abilities


You were on level 2 of the Dungeon.
You visited 1 branch of the dungeon, and saw 2 of its levels.

You collected 94 gold pieces.

Inventory:

Hand Weapons
 a - a +0 long sword (weapon)
Armour
 b - a +0 scale mail (worn)
 c - a +0 buckler (worn)
 n - a +0 pair of boots (worn)
 r - a +0 cloak (worn)
Magical Staves
 k - a staff of fire
Jewellery
 t - a ring of willpower (left hand)
 v - a ring of ice
Scrolls
 f - 2 scrolls of vulnerability {unknown}
 h - 2 scrolls of identify {unknown}
 l - a scroll of fear {unknown}
 m - 5 scrolls of teleportation {unknown}
 p - a scroll of immolation {unknown}
 u - 2 scrolls of amnesia {unknown}
 w - a scroll of blinking {unknown}
 x - a scroll of enchant armour {unknown}
Potions
 d - a potion of might
 e - 2 potions of magic {unknown}
 g - a potion of invisibility {unknown}
 i - a potion of curing {unknown}
 j - 2 potions of mutation {unknown}
 o - a potion of heal wounds {unknown}
 q - a potion of lignification {unknown}
 s - 2 potions of degeneration {unknown}
 z - 2 potions of flight {unknown}


   Skills:
 + Level 4.0 Fighting
 + Level 3.3 Long Blades
 + Level 4.3 Armour
 + Level 0.1 Dodging
 + Level 4.1 Shields


You had 2 spell levels left.
You didn't know any spells.
Your spell library contained the following spells:

 Spells                   Type           Power      Damage    Failure   Level
 Beastly Appendage        Tmut           0%         N/A       87%         1
 Slow                     Hex            0%         N/A       87%         1
 Wereblood                Tmut           0%         N/A       95%         2
 Confusing Touch          Hex            0%         N/A       99%         3
 Ozocubu's Armour         Ice            0%         N/A       99%         3
 Spider Form              Tmut/Pois      0%         N/A       99%         3
 Vampiric Draining        Necr           0%         2d6       99%         3
 Ozocubu's Refrigeration  Ice            0%         4d7       100%        7


Dungeon Overview and Level Annotations

Branches:
Dungeon (2/15)

Altars:
Hepliaklqana

Annotations:
D:2 Sigmund


Innate Abilities, Weirdness & Mutations

You have a pair of horns on your head.
You reflexively headbutt those who attack you in melee.


Message History

Sigmund the Dreaded comes into view.
He is wielding a +2 scythe of venom.
Sigmund shouts!
Sigmund hits you from afar with a +2 scythe of venom.
You are poisoned.
You feel very sick.
You hit Sigmund.
Sigmund is lightly wounded.
You feel sick. Sigmund gestures at you while chanting.
The magic dart hits you but does no damage.
Sigmund gestures wildly while chanting.
Sigmund flickers and vanishes!
Deactivating autopickup; reactivate with Ctrl-A.
You hit something.
You feel sick.
You hear some strange, mumbled words.
A puff of flame appears from out of thin air!
The puff of flame misses you.
You barely miss something. Your headbutt misses something.
You feel sick. Something completely misses you.
You miss something.
You feel sick. Something hits you.
You are more poisoned.
You miss something.
You feel very sick.
You miss something. Your headbutt misses something.
You feel very sick. Something hits you but does no damage.
You are lethally poisoned!
You closely miss something.
* * * LOW HITPOINT WARNING * * *
You feel very sick. Something hits you.
* * * LOW HITPOINT WARNING * * *
You are more poisoned.
You hit something but do no damage. Your headbutt misses something.
* * * LOW HITPOINT WARNING * * *
You feel very sick.
You hear some strange, mumbled words.
You are confused.
You bump into the rock wall.
You die...

.##....# #.# #...............
.....#.# #.# #...............
.....########.####...............
._...#....................#####'#
....####################..# #.#
..........................#####.#
.'########### #.........##.....#
.........# #.##########.#####
.........# #@#..........# #
.........# #{##.#############
..######## #.##.............' ###
#.################ #.# # #.# #
#.# # ..# # #


There were no monsters in sight!

Vanquished Creatures
  An adder (D:2)
  A dart slug (D:2)
  2 ball pythons
  2 bats (D:1)
  3 endoplasms (D:1)
  A goblin (D:1)
  3 hobgoblins (D:1)
  13 jackals
  2 quokkas (D:1)
  A frilled lizard (D:1)
  2 kobolds
  3 rats
34 creatures vanquished.

Notes
Turn   | Place    | Note
-------+----------+-------------------------------------------
     0 | D:1      | funkygono the Minotaur Fighter began the quest for the Orb.
     0 | D:1      | Reached XP level 1. HP: 19/19 MP: 0/0
   165 | D:1      | Reached XP level 2. HP: 23/27 MP: 1/1
   236 | D:1      | Found a faded altar of an unknown god.
   530 | D:1      | Reached XP level 3. HP: 33/33 MP: 2/2
  1403 | D:2      | Found a hazy altar of Hepliaklqana.
  1686 | D:2      | Noticed Sigmund
  1697 | D:2      | Succumbed to Sigmund's poison

Illustrated notes

Levels and vault maps discovered:
D:1:      grunt_arrival_crossed_arrows, layout_basic, serial_rivers,
          chequers_serial_rivers_large_a, chequers_serial_rivers_small_3,
          chequers_serial_rivers_micro_e, chequers_serial_rivers_micro_d,
          chequers_serial_rivers_room_b, hellmonk_ecumenical_altar_lost_god,
          minmay_misc_feat_more_columns
D:2:      layout_basic, basic_altar, minmay_misc_feat_four_crosses, uniq_sigmund

Skill      XL: |  1  2 |
---------------+-------+-----
Armour         | 4 |  4.3
Fighting       | 4 |  4.0
Shields        | 4 |  4.1
Long Blades    | 3 |  3.3
Dodging        | |  0.1

Action                     || total
---------------------------++-------
  Melee: Long sword        ||    98
         Headbutt          ||    14
 Armour: Scale mail        ||    57
  Dodge: Dodged            ||    53
  Block: Buckler           ||    29

Table legend: (Time is in decaauts)
 A = Elapsed time spent in this place.
 B = Non-inter-level travel time spent in this place.
 C = Inter-level travel time spent in this place.
 D = Time resting spent in this place.
 E = Time spent auto-exploring this place.
 F = Levels seen in this place.
 G = Mean time per level.
                   A        B        C        D        E       F      G
               +--------+--------+--------+--------+--------+-----+--------+
         Total |   1738 |   1731 |      7 |      0 |   1405 |   2 |  869.0 |
       Dungeon |   1738 |   1731 |      7 |      0 |   1405 |   2 |  869.0 |
               +--------+--------+--------+--------+--------+-----+--------+

Top non-repeatable levels by time:
     D:1: 976 daAuts
     D:2: 761 daAuts
